AoeStats
← Capt_Obv

Arabia

509359353Analyzed
1v1 RM · 5d ago on Sep 26, 2026· 52m 18s· 2 players
Game mode
Random Map
Map size
Tiny (2 player)
Population
200
Speed
Normal
Resources
Standard
Victory
Conquest
Starting age
Dark Age
Ending age
Imperial Age
RankedLock teamsTeams togetherTeam positionsShared explorationLock speedFull tech treeHidden civsTurbo modeCheats
Victory
Defeat
🇺🇸 Celts · United States
87
+28
🇦🇷 Saracens · Argentina
442
-28
Capt_Obv
10:59 Feudal Age
13:59 Scale Mail Armor
15:21 Loom
15:59 Forging
15:20 Man-at-Arms
29:12 Castle Age
28:58 Fletching
32:26 Chain Mail Armor
32:48 Iron Casting
32:09 Bodkin Arrow
32:57 Wheelbarrow
32:43 Scale Barding Armor
33:19 Stronghold
36:13 Light Cavalry
36:54 Husbandry
43:12 Imperial Age
43:28 Chain Barding Armor
43:49 Hand Cart
46:46 Onager
48:27 Cavalier
50:15 Town Watch
50:58 Elite Woad Raider
52:43 Hoardings
apache
0:37 Loom
13:55 Feudal Age
14:37 Town Watch
15:19 Arson
14:55 Man-at-Arms
18:20 Horse Collar
18:35 Double-Bit Axe
19:40 Gold Mining
19:41 Stone Mining
26:25 Castle Age
27:57 Gold Shaft Mining
28:00 Wheelbarrow
27:26 Town Patrol
28:13 Bow Saw
29:25 Hand Cart
29:26 Scale Barding Armor
29:32 Forging
31:01 Husbandry
31:42 Bloodlines
32:35 Chain Barding Armor
32:51 Iron Casting
33:51 Heavy Plow
37:12 Imperial Age
38:23 Conscription
39:58 Two-Man Saw
38:35 Elite Mameluke
48:36 Counterweights
50:34 Plate Barding Armor
50:59 Blast Furnace
Connection lost

Rejoining the realm…

Still unreachable

The connection could not be restored.

Session expired

The server has moved on; the page needs a fresh start.